 Dungeon Crawl Stone Soup version 0.29.1-1-gd02db6906a (webtiles) character file.

Game seed: 6440265086940452230

42 GigaChad the Covered (level 3, 33/33 HPs)
             Began as a Minotaur Fighter on Sept 29, 2022.
             Quit the game on level 3 of the Dungeon.
             The game lasted 00:01:34 (592 turns).

GigaChad the Covered (Minotaur Fighter)              Turns: 592, Time: 00:01:34

Health: 33/33      AC:  7    Str: 22    XL:     3   Next: 35%
Magic:  2/2        EV:  9    Int:  5    God:
Gold:   99         SH:  4    Dex:  9    Spells: 2/2 levels left

rFire   . . .      SeeInvis .   a - +0 long sword
rCold   . . .      Faith    .   c - +0 buckler
rNeg    . . .      Spirit   .   b - +0 scale mail
rPois   .          Reflect  .   (helmet restricted)
rElec   .          Harm     .   (no cloak)
rCorr   .          Rampage  .   (no gloves)
Will    .....                   (no boots)
Stlth   ..........              (no amulet)
HPRegen 0.11/turn               (no ring)
MPRegen 0.08/turn               (no ring)

@: no status effects
A: horns 2, retaliatory headbutt
a: no special abilities


You were on level 3 of the Dungeon.
You visited 1 branch of the dungeon, and saw 3 of its levels.

You collected 99 gold pieces.

Inventory:

Hand Weapons
 a - a +0 long sword (weapon)
Armour
 b - a +0 scale mail (worn)
 c - a +0 buckler (worn)
 l - an orb of guile
Jewellery
 f - a ring of positive energy
Scrolls
 g - a scroll of brand weapon {unknown}
 h - a scroll of noise {unknown}
 i - 2 scrolls of blinking {unknown}
 j - a scroll of fear {unknown}
 k - a scroll of poison {unknown}
Potions
 d - a potion of might
 e - a potion of heal wounds {unknown}
 m - a potion of degeneration {unknown}


   Skills:
 + Level 4.1 Fighting
 + Level 2.8 Long Blades
 + Level 4.3 Armour
 + Level 4.1 Shields


You had 2 spell levels left.
You didn't know any spells.
Your spell library contained the following spells:

 Spells                   Type           Power      Damage    Failure   Level
 Apportation              Tloc           0%         N/A       87%         1
 Necrotise                Necr           0%         1d4       87%         1
 Summon Small Mammal      Summ           0%         N/A       87%         1


Dungeon Overview and Level Annotations

Branches:
Dungeon (3/15)

Altars:
Hepliaklqana


Innate Abilities, Weirdness & Mutations

You have a pair of horns on your head.
You reflexively headbutt those who attack you in melee.


Message History

The giant cockroach waves its antennae.
You block the giant cockroach's attack. The giant cockroach barely misses you.
You furiously retaliate!
You headbutt the giant cockroach, but do no damage.
You see here a scroll labelled UDIEZAM HESHY.
You block the giant cockroach's attack.
You hit the giant cockroach.
Your headbutt misses the giant cockroach.
The giant cockroach is heavily wounded.
The giant cockroach bites you but does no damage. x2
You hit the giant cockroach.
You kill the giant cockroach!
j - a scroll labelled UDIEZAM HESHY
k - a scroll labelled PIAMAS PETZAY
Things that are here:
a giant cockroach corpse; a giant cockroach corpse; a giant cockroach corpse You see here an orb of guile.
l - an orb of guile
Found an escape hatch in the ceiling.
Found a club.
Found a stone staircase leading down.
There is a stone staircase leading down here.
You climb downwards.
Found three items.
Found a stone staircase leading down.
There is a stone staircase leading up here.
Found a helmet.
i - 2 scrolls labelled YFUEKI HUWK (gained 1)
You now have 99 gold pieces (gained 13).
m - a glowing silvery potion
There is a stone staircase leading up here.
Found an escape hatch in the ceiling.
There is an empty arch of ancient stone here.
Found a hazy altar of Hepliaklqana.
There is an empty arch of ancient stone here.
There is an escape hatch in the ceiling here.
Found a stone staircase leading up.
Found 15 gold pieces.
An adder comes into view.
The adder hisses angrily.
Are you sure you want to abandon this character and quit the game? (Confirm with "yes".)

#...... ....... .$..... ##
....... #. ....... .#
.#.<..... ....###........
#....@..S.........#
#####.#####.......# #.#
#.....[.# ######.#
#.......# #......#
#.......# #####.######
#.......# ###.....#
#.......# #...##### ####
#.......#
#.##########..####.......#


You could see an adder.

Vanquished Creatures
  An adder (D:2)
  A dart slug (D:1)
  3 endoplasms
  13 giant cockroaches
  A goblin (D:1)
  A hobgoblin (D:1)
  3 ball pythons (D:1)
  3 frilled lizards (D:1)
26 creatures vanquished.

Notes
Turn   | Place    | Note
-------+----------+-------------------------------------------
     0 | D:1      | GigaChad the Minotaur Fighter began the quest for the Orb.
     0 | D:1      | Reached XP level 1. HP: 19/19 MP: 0/0
   137 | D:1      | Reached XP level 2. HP: 24/27 MP: 1/1
   252 | D:1      | You fall into a shaft and drop 1 floor!
   446 | D:2      | Reached XP level 3. HP: 33/33 MP: 2/2
   554 | D:3      | Found a hazy altar of Hepliaklqana.
   592 | D:3      | Quit the game

Illustrated notes

Levels and vault maps discovered:
D:1:      heliophobic_arrival_dark_side_of_the_moon, layout_basic,
          minmay_tromino_v2
D:2:      minmay_roachtagon, layout_basic, minmay_between, uniq_jessica
D:3:      layout_rooms, nzn_hepliaklqana_mist_gate, zin_statuary,
          ebering_ecumenical_altar_ruins, serial_corexii_hall,
          corexii_hall_statues_l, corexii_hall_statues_l

Skill      XL: |  1  2 |
---------------+-------+-----
Shields        | 4 |  4.1
Fighting       | 4 |  4.1
Armour         | 4 |  4.3
Long Blades    | |  2.8

Action                   || total
-------------------------++-------
Melee: Long sword        ||    40
       Headbutt          ||     8
Armor: Scale mail        ||    31
Dodge: Dodged            ||    31
Block: Buckler           ||    13
